 Dungeon Crawl Stone Soup version 0.30.1-4-g462c640d31 (webtiles) character file.

Game seed: 3309799323675699478

68 shmup the Firebug (level 4, 0/24 HPs)
             Began as a Tengu Fire Elementalist on Aug 11, 2023.
             Succumbed to an adder's poison
             ... on level 3 of the Dungeon.
             The game lasted 00:06:21 (2375 turns).

shmup the Firebug (Tengu Fire Elementalist)         Turns: 2375, Time: 00:06:22

Health: 0/24       AC:  2    Str:  8    XL:     4   Next: 19%
Magic:  1/8        EV: 12    Int: 17    God:
Gold:   43         SH:  0    Dex: 15    Spells: 4/7 levels left

rFire   . . .        f - +2 hand axe (venom)
rCold   . . .        (no shield)
rNeg    . . .        a - +0 robe
rPois   .            (helmet restricted)
rElec   .            (no cloak)
rCorr   .            (no gloves)
SInv    .            (boots unavailable)
Will    .....        (no amulet)
Stlth   ++           (no ring)
HPRegen 0.24/turn    (no ring)
MPRegen 0.11/turn

%: no passive effects
@: lethally poisoned (0 -> -2)
A: beak, talons 3
a: no special abilities


You were on level 3 of the Dungeon.
You visited 1 branch of the dungeon, and saw 3 of its levels.

You collected 43 gold pieces.

Inventory:

Hand Weapons
 f - a +2 hand axe of venom (weapon)
 g - a +0 sling
 h - a +0 dagger
Missiles
 c - 11 stones (quivered)
 m - 12 poisoned darts
Armour
 a - a +0 robe (worn)
Jewellery
 i - an amulet of reflection
Potions
 b - a potion of magic
 d - 5 potions of curing {unknown}
 e - a potion of attraction {unknown}
 j - a potion of ambrosia {unknown}
 l - a potion of mutation {unknown}


   Skills:
 - Level 2.1 Dodging
 - Level 2.0 Stealth
 - Level 2.0 Spellcasting
 + Level 3.1 Conjurations
 * Level 4.8 Fire Magic


You had 4 spell levels left.
You knew the following spells:

 Your Spells              Type           Power      Damage    Failure   Level
a - Foxfire               Conj/Fire      60%        2x1d7     3%          1
b - Scorch                Fire           36%        2d6       4%          2

Your spell library contained the following spells:

 Spells                   Type           Power      Damage    Failure   Level
 Inner Flame              Hex/Fire       9%         N/A       22%         3
 Volatile Blastmotes      Fire/Tloc      18%        2d11      22%         3
 Flame Wave               Conj/Fire      15%        2d7       36%         4


Dungeon Overview and Level Annotations

Branches:
Dungeon (3/15) Zot: 15577

Altars:

Annotations:
D:2 exclusion: downstairs
D:3 Grinder


Innate Abilities, Weirdness & Mutations

You have a beak for a mouth.
You have claws for feet.


Message History

Confirm with . or Enter, or press ? or * to list all spells.
You miscast Foxfire.
You are very lightly contaminated with residual magic.
Nothing appears to happen.
You feel sick. The adder closely misses you.
You feel sick.
The kobold throws a poisoned dart.
The poisoned dart barely misses you. The adder bites you but does no damage.
The ball python attacks as you move away!
The ball python bites you.
* * * LOW HITPOINT WARNING * * *
You feel sick. The adder bites you.
* * * LOW HITPOINT WARNING * * *
You are more poisoned.
The adder poisons you!
You feel sick. The adder barely misses you. The adder bites you.
* * * LOW HITPOINT WARNING * * *
The ball python attacks as you move away!
The ball python bites you but does no damage.
The adder attacks as you move away! The adder bites you.
* * * LOW HITPOINT WARNING * * *
You feel sick. The adder attacks as you move away! The adder bites you.
* * * LOW HITPOINT WARNING * * *
x2 You feel sick.
There is a stone staircase leading up here.
Okay, then.
Unknown command.
Casting: Foxfire (safe; 3% risk of failure)
Confirm with . or Enter, or press ? or * to list all spells.
Flames lash the kobold.
The kobold is severely wounded.
The kobold's fire resistance burns away.
* * * LOW HITPOINT WARNING * * *
You feel sick. The adder bites you.
* * * LOW HITPOINT WARNING * * *
Your magical contamination has completely faded away.
Casting: Scorch (safe; 4% risk of failure)
Confirm with . or Enter, or press ? or * to list all spells.
Flames lash the ball python.
You kill the ball python!
You die...

.. .... ▒.▒▒.▒.▒
▒.▒.!..▒
........ ▒▒
▒......▒ ..
▒..▒.▒$▒
▒.▒.▒▒▒..▒.▒.▒
▒.....Q......▒▒
▒▒▒...S%.......
▒▒▒▒▒K.▒.▒▒▒.▒..
▒..▒..%.....
▒...........
▒.▒▒▒▒▒▒.▒▒▒ ▒.▒
▒ ▒.▒ ▒.▒


You could see an adder and a kobold (combustible).

Vanquished Creatures
  An orc wizard (D:2)
  A worm (D:2)
  2 dart slugs (D:1)
  2 endoplasms (D:1)
  3 giant cockroaches (D:1)
  A goblin (D:2)
  A hobgoblin (D:1)
  10 jackals (D:1)
  4 kobolds (D:2)
  5 ball pythons
  2 frilled lizards
  3 rats
35 creatures vanquished.

Vanquished Creatures (collateral kills)
  5 foxfires
5 creatures vanquished.

Vanquished Creatures (others)
  93 foxfires
93 creatures vanquished.

Grand Total: 133 creatures vanquished

Notes
Turn   | Place    | Note
-------+----------+-------------------------------------------
     0 | D:1      | shmup the Tengu Fire Elementalist began the quest for the
                  | Orb.
     0 | D:1      | Reached XP level 1. HP: 10/10 MP: 4/4
    44 | D:1      | Found Soxtirif's Weapon Emporium.
   146 | D:1      | Reached XP level 2. HP: 14/15 MP: 0/6
   535 | D:1      | Reached skill level 4 in Fire Magic
   668 | D:1      | Learned a level 2 spell: Scorch
   710 | D:1      | Reached XP level 3. HP: 19/19 MP: 5/7
  1405 | D:2      | Found a faded altar of an unknown god.
  2303 | D:3      | Noticed Grinder
  2308 | D:2      | Reached XP level 4. HP: 24/24 MP: 6/8
  2374 | D:3      | HP: 1/24 [adder (1)]
  2375 | D:3      | Succumbed to an adder's poison

Illustrated notes

Levels and vault maps discovered:
D:1:      dpeg_arrival_central, layout_basic, serial_bayou, serial_bayou_pond_d,
          serial_bayou_lagoon_b, serial_bayou_pond_a, serial_bayou_shore_b,
          serial_bayou_lagoon_a, serial_bayou_shore_a, serial_shops,
          nicolae_shop_peninsula, minmay_worlds_worst_comb
D:2:      layout_basic, shapermc_ecumenical_altar_gd
D:3:      layout_loops_ring, uniq_grinder, uniq_ijyb

Skill      XL: |  1  2  3 |
---------------+----------+-----
Conjurations   | 2 3 |  3.1
Fire Magic     | 4 |  4.8
Dodging        | |  2.1
Stealth        | |  2.0
Spellcasting   | |  2.0

Action                     |  1- 3 |  4- 6 || total
---------------------------+-------+-------++-------
  Melee: Hand axe          |    10 |       ||    10
         Kick              |     2 |       ||     2
         Peck              |     2 |       ||     2
  Throw: Stone             |     2 |       ||     2
   Cast: Foxfire           |    52 |     4 ||    56
         Scorch            |     1 |     2 ||     3
    Use: Scroll            |     5 |       ||     5
 Armour: Robe              |     7 |     2 ||     9
  Dodge: Dodged            |    16 |     4 ||    20
